 Dungeon Crawl Stone Soup version 0.27-a0-46-g34d46f0a3f (webtiles) character file.

Game seed: 3357568180218883409

32694 Borgoz the Fighter (level 13, -24/122 HPs)
             Began as a Ghoul Monk on Jan 6, 2021.
             Was the Champion of Okawaru.
             Killed from afar by Azrael (30 damage)
             ... with a fireball
             ... on level 13 of the Dungeon.
             The game lasted 00:30:37 (13850 turns).

Borgoz the Fighter (Ghoul Monk)                    Turns: 13850, Time: 00:30:37

Health: -24/122    AC: 34    Str: 16    XL:     13   Next: 66%
Magic:  15/15      EV:  7    Int:  5    God:    Okawaru [******]
Gold:   869        SH:  0    Dex: 27    Spells: 10/12 levels left

rFire    . . .     SeeInvis +   a - +2 long sword (elec)
rCold    + . .     Faith    .   (no shield)
rNeg     + + +     Spirit   .   Q - +2 crystal plate armour
rPois    ∞         Reflect  .   n - +0 helmet {SInv}
rElec    .         Harm     .   s - +2 cloak
rCorr    .         Rampage  .   j - +0 pair of gloves
Will     .....                  M - +2 pair of boots
Stlth    ..........             e - macabre finger necklace {rN+}
HPRegen  0.00/turn              t - +6 ring of dexterity
MPRegen  0.14/turn              h - +6 ring of dexterity
                                D - +4 ring of protection

@: very slightly contaminated, hasted, invisible, very quick
A: claws 1, cold resistance 1, negative energy resistance 3, inhibited
regeneration, torment resistance, unbreathing
a: Renounce Religion, Heroism, Finesse


You were on level 13 of the Dungeon.
You worshipped Okawaru.
Okawaru was exalted by your worship.
You visited 2 branches of the dungeon, and saw 14 of its levels.
You also visited: Sewer and Gauntlet.

You collected 869 gold pieces.

Inventory:

Hand Weapons
 a - a +2 long sword of electrocution (weapon)
 b - a +0 scimitar of flaming
 N - a +3 triple sword of electrocution
 R - a +0 great sword
Missiles
 v - 25 poisoned darts (quivered)
Armour
 j - a +0 pair of gloves (worn)
 l - the +0 helmet of Focus {rPois Will- Int+4 Dex+2}
   (You found it in a Gauntlet)

   It affects your intelligence (+4).
   It affects your dexterity (+2).
   It protects you from poison.
   It affects your willpower, your defense against some magical effects.
 m - a +3 troll leather armour {Purgy}
 n - a +0 helmet of see invisible (worn)
 r - a scarf of repulsion
 s - a +2 cloak (worn)
 L - a +2 leather armour of fire resistance
 M - a +2 pair of boots (worn)
 Q - a +2 crystal plate armour (worn)
Jewellery
 e - the macabre finger necklace (around neck) {rN+}
   (You found it in a Gauntlet)

   [amulet of nothing]

   It protects you from negative energy.
 f - a +4 ring of evasion
 h - a +6 ring of dexterity (right hand)
 q - an uncursed ring of flight
 t - a +6 ring of dexterity (left hand)
 B - an uncursed amulet of regeneration
 C - an uncursed amulet of reflection
 D - a +4 ring of protection (on amulet)
 E - a +6 ring of intelligence
 H - an uncursed ring of resist corrosion
 I - the ring of Vekhlos {rElec Stlth-}
   (You found it in a Gauntlet)

   [ring of attention]

   It insulates you from electricity.
   It makes you less stealthy.
Wands
 k - a wand of flame (15)
 p - a wand of polymorph (6)
 y - a wand of paralysis (21)
 A - a wand of digging (5)
 F - a wand of enslavement (15)
 O - a wand of disintegration (8)
Scrolls
 c - 2 scrolls of amnesia
 o - a scroll of fear
 x - 7 scrolls of teleportation
 G - 5 scrolls of identify
 J - 4 scrolls of remove curse
 K - a scroll of brand weapon
 T - a scroll of fog {unknown}
Potions
 g - 3 potions of flight
 w - 3 potions of brilliance
 z - a potion of might
 P - 3 potions of curing


   Skills:
 + Level 13.1 Fighting
 + Level 11.2 Long Blades
 + Level 8.2 Armour
 + Level 11.2 Dodging
 - Level 2.1 Stealth
 - Level 5.0 Invocations
 + Level 2.1 Evocations


You had 10 spell levels left.
You knew the following spells:

 Your Spells              Type           Power        Failure   Level
a - Blink                 Tloc           N/A          100%        2

Your spell library contained the following spells:

 Spells                   Type           Power        Failure   Level
 Animate Skeleton         Necr           0%           100%        1
 Magic Dart               Conj           0%           100%        1
 Pain                     Necr           0%           100%        1
 Call Imp                 Summ           0%           100%        2
 Slow                     Hex            0%           100%        2
 Conjure Flame            Conj/Fire      0%           100%        3
 Mephitic Cloud           Conj/Pois/Air  0%           100%        3
 Vampiric Draining        Necr           0%           100%        3
 Animate Dead             Necr           0%           100%        4
 Agony                    Necr           0%           100%        5
 Irradiate                Conj/Tmut      0%           100%        5
 Beastly Appendage        Tmut           Unusable     N/A         1
 Wereblood                Tmut           Unusable     N/A         2
 Spider Form              Tmut/Pois      Unusable     N/A         3
 Ice Form                 Ice/Tmut       Unusable     N/A         4
 Blade Hands              Tmut           Unusable     N/A         5
 Hydra Form               Tmut           Unusable     N/A         6
 Statue Form              Tmut/Erth      Unusable     N/A         6
 Dragon Form              Tmut           Unusable     N/A         7

Dungeon Overview and Level Annotations

Branches:
Dungeon (13/15)            Temple (1/1) D:4            Lair (0/6) D:10
    Orc (0/2) D:9           Sewer (visited)         Gauntlet (visited)
 Vaults: D:13-14

Altars:
Ashenzari
Cheibriados
Dithmenos
Elyvilon
Fedhas
Gozag
Hepliaklqana
Kikubaaqudgha
Makhleb
Nemelex Xobeh
Okawaru
Qazlal
Ru
Sif Muna
Trog
Uskayaw
Vehumet
Wu Jian
Xom
Yredelemnul
Zin
The Shining One

Annotations:
D:13 Azrael


Innate Abilities, Weirdness & Mutations

You thrive by killing the living.
You are immune to poison.
You have sharp fingernails.
Your flesh is cold resistant. (rC+)
You are immune to negative energy. (rN+++)
You do not regenerate when monsters are visible.
You are immune to unholy pain and torment.
You can survive without breathing.


Message History

Azrael gestures at you.
The sphere of damnation explodes!
The damnation engulfs you!
* * * LOW HITPOINT WARNING * * *
The damnation engulfs the fire elemental!
The damnation engulfs the fire elemental!!
The damnation engulfs Azrael.
Azrael completely resists.
The damnation engulfs the fire elemental!!!
The fire elemental is destroyed!
The damnation engulfs the fire elemental!!
The fire elemental hits you. The fire elemental burns you!
* * * LOW HITPOINT WARNING * * *
The fire elemental barely misses you.
Okay, then.
You slash the fire elemental!
You destroy the fire elemental!
Okawaru accepts your kill.
The fire elemental completely misses you.
Azrael gestures at you.
The fireball explodes!
The fireball engulfs you!!
You die...

......#......#........#########.)
##....#......#...................
#....#......+...................
#....#......#......###########..
#....#......#......# #..
#....########......# #..
#..................# ###
#.............ER...#
#...)...#####°E@...# ##.)[)...#
#......# .........# #......#
.........# #......#
###......#####......#
#.................#
#.................#
#.##'###..........#
#.#....#....☼.....#


You could see Azrael and 2 fire elementals.

Vanquished Creatures
  A minotaur (Gauntlet)
  Snorg (D:10)
  Josephine (D:11)
  A hydra (D:12)
  A boulder beetle (D:12)
  A centaur warrior (D:12)
  4 two-headed ogres
  A deep troll earth mage (D:12)
  6 death yaks
  A death scarab (Gauntlet)
  A tengu warrior (D:13)
  A soul eater (Gauntlet)
  Sonja (D:10)
  2 unseen horrors
  2 glowing orange brains (Gauntlet)
  A spectral hydra (Gauntlet)
  An orange crystal statue (D:10)
  A necromancer (Gauntlet)
  6 ugly things
  A torpor snail (Gauntlet)
  2 gargoyles (D:12)
  4 trolls
  4 hornets
  A slime creature (D:12)
  6 yaks
  A vampire (D:11)
  Sigmund (D:4)
  2 shadows
  A fire elemental (D:13)
  A basilisk (D:13)
  A wyvern (D:8)
  7 wraiths
  A vampire mosquito (D:12)
  A soldier ant (D:8)
  A water moccasin (D:8)
  An acid dragon (D:13)
  Duvessa (D:4)
  2 ice beasts
  Purgy (Sewer)
  6 orc warriors
  An eye of draining (D:12)
  3 sky beasts
  2 black bears
  3 wolves (Gauntlet)
  6 phantoms
  11 ogres
  3 centaurs
  A gnoll sergeant (D:5)
  8 bullfrogs
  Dowan (D:4)
  A wyvern skeleton (D:12)
  5 scorpions
  4 killer bees (D:10)
  3 wights (D:12)
  5 howler monkeys
  2 centaur zombies
  2 quasits
  3 bullfrog skeletons
  3 bullfrog zombies
  12 hounds
  6 jellies
  7 orc priests
  12 orc wizards
  Crazy Yiuf (D:4)
  2 centaur skeletons
  Natasha (twice) (D:4)
  3 iguanas
  A hell rat (D:10)
  10 worker ants
  A centaur simulacrum (D:12)
  A hound skeleton (D:6)
  8 gnolls
  12 adders
  5 shadow imps
  6 white imps
  2 ufetubi
  An adder zombie (D:9)
  3 adder skeletons
  5 worms
  A dart slug (D:2)
  7 leopard geckos
  46 orcs
  2 ball pythons (D:1)
  6 bats
  10 giant cockroaches
  3 goblins
  5 hobgoblins
  14 jackals
  9 quokkas
  7 frilled lizards
  A jackal skeleton (D:4)
  16 kobolds
  A leopard gecko skeleton (D:6)
  A leopard gecko zombie (D:5)
  A quokka skeleton (D:7)
  A quokka zombie (D:5)
  12 rats
390 creatures vanquished.

Vanquished Creatures (collateral kills)
  An ufetubus (D:9)
1 creature vanquished.

Vanquished Creatures (others)
  A fire elemental (D:13)
  A withered plant (Gauntlet)
2 creatures vanquished.

Grand Total: 393 creatures vanquished

Notes
Turn   | Place    | Note
-------+----------+-------------------------------------------
     0 | D:1      | Borgoz the Ghoul Monk began the quest for the Orb.
     0 | D:1      | Reached XP level 1. HP: 19/19 MP: 0/0
   268 | D:1      | Reached XP level 2. HP: 26/26 MP: 1/1
   756 | D:2      | Reached XP level 3. HP: 16/33 MP: 2/2
  1399 | D:3      | Noticed a phantom
  1413 | D:3      | Reached skill level 4 in Fighting
  1430 | D:3      | Killed a phantom
  1431 | D:3      | Reached XP level 4. HP: 37/41 MP: 3/3
  1431 | D:3      | Reached XP level 5. HP: 43/47 MP: 4/4
  2143 | D:4      | Noticed Duvessa
  2143 | D:4      | Noticed Dowan
  2158 | D:4      | Killed Duvessa
  2159 | D:4      | Reached skill level 5 in Fighting
  2159 | D:4      | Reached XP level 6. HP: 24/56 MP: 5/5
  2165 | D:4      | Killed Dowan
  2421 | D:4      | Reached XP level 7. HP: 61/61 MP: 6/6
  2659 | D:4      | Found a shimmering altar of Xom.
  2659 | D:4      | Found a shadowy altar of Dithmenos.
  2660 | D:4      | Found a hazy altar of Hepliaklqana.
  2920 | D:4      | Reached skill level 6 in Fighting
  2930 | D:4      | Found a runed translucent door.
  2931 | D:4      | Noticed Crazy Yiuf
  2977 | D:4      | Reached skill level 5 in Dodging
  3032 | D:4      | Found a staircase to the Ecumenical Temple.
  3047 | D:4      | Noticed Sigmund
  3057 | D:4      | Reached skill level 5 in Long Blades
  3062 | D:4      | Killed Sigmund
  3123 | D:4      | Reached XP level 8. HP: 71/71 MP: 7/7
  3136 | Temple   | Entered the Ecumenical Temple
  3249 | D:4      | Noticed Natasha
  3269 | D:4      | Killed Natasha
  3561 | D:4      | Found an iron altar of Okawaru.
  3583 | D:4      | Became a worshipper of Warmaster Okawaru
  3583 | D:4      | Reached * piety under Okawaru
  3583 | D:4      | Reached ** piety under Okawaru
  3666 | D:4      | Noticed Natasha
  3676 | D:4      | Killed Natasha
  3739 | D:4      | Killed Crazy Yiuf
  3821 | D:5      | Entered Level 5 of the Dungeon
  3950 | D:5      | Reached skill level 7 in Fighting
  4092 | D:5      | Found a glowing drain.
  4104 | Sewer    | Entered a sewer
  4284 | Sewer    | Noticed Purgy
  4288 | Sewer    | Killed Purgy
  4452 | D:5      | Reached *** piety under Okawaru
  4515 | D:5      | Reached XP level 9. HP: 80/80 MP: 8/8
  4675 | D:5      | Found a white marble altar of Elyvilon.
  4686 | D:5      | Reached skill level 8 in Fighting
  5153 | D:6      | Found a shimmering altar of Xom.
  5532 | D:6      | Reached **** piety under Okawaru
  5881 | D:7      | Reached skill level 9 in Fighting
  5900 | D:7      | Found a basalt altar of Yredelemnul.
  6062 | D:7      | Reached XP level 10. HP: 56/91 MP: 9/9
  6127 | D:7      | Found a runed translucent door.
  6129 | D:7      | Found a runed translucent door.
  6193 | D:7      | Learned a level 2 spell: Blink
  6476 | D:7      | Reached skill level 1 in Invocations
  6638 | D:7      | Reached skill level 1 in Armour
  6755 | D:7      | Reached ***** piety under Okawaru
  6780 | D:7      | Killed an unseen horror
  7323 | D:8      | Noticed a two-headed ogre
  7336 | D:8      | Killed a two-headed ogre
  7337 | D:8      | Reached skill level 10 in Fighting
  7394 | D:8      | Received a gift from Okawaru
  7576 | D:8      | Found a shimmering altar of Xom.
  7681 | D:8      | Found a broken altar of Ashenzari.
  7881 | D:9      | Found a staircase to the Orcish Mines.
  7900 | D:9      | Noticed a two-headed ogre
  7914 | D:9      | Killed a two-headed ogre
  7915 | D:9      | Reached XP level 11. HP: 60/101 MP: 11/13
  8655 | D:10     | Entered Level 10 of the Dungeon
  8662 | D:10     | Noticed an orange crystal statue
  8732 | D:10     | Noticed a two-headed ogre
  8743 | D:10     | Killed a two-headed ogre
  8823 | D:10     | Noticed Snorg
  8843 | D:10     | Reached skill level 5 in Invocations
  8854 | D:10     | Killed Snorg
  8854 | D:10     | Received a gift from Okawaru
  9084 | D:10     | Found a staircase to the Lair.
  9084 | D:10     | Noticed a death yak
  9086 | D:10     | Noticed a death yak
  9088 | D:10     | Noticed a death yak
  9110 | D:10     | Killed a death yak
  9145 | D:10     | Killed a death yak
  9146 | D:10     | Reached skill level 11 in Fighting
  9158 | D:10     | Killed a death yak
  9158 | D:10     | Reached ****** piety under Okawaru
  9159 | D:10     | Reached skill level 5 in Armour
  9338 | D:10     | Noticed Sonja
  9347 | D:10     | Killed Sonja
  9378 | D:10     | Reached XP level 12. HP: 76/110 MP: 14/14
  9570 | D:10     | Got a fading chain mail
  9605 | D:10     | Identified the +5 chain mail of Funun {*Corrode rPois Str-4
                  | SInv} (You found it on level 10 of the Dungeon)
 10320 | D:11     | Noticed Josephine
 10342 | D:11     | Killed Josephine
 10342 | D:11     | Received a gift from Okawaru
 10354 | D:11     | Reached skill level 10 in Long Blades
 10354 | D:11     | Reached skill level 10 in Dodging
 10739 | D:12     | Found a gate leading to a gauntlet.
 10823 | D:12     | Noticed a seven-headed hydra
 10845 | Gauntlet | Entered a Gauntlet
 10845 | Gauntlet | Found a transporter.
 10854 | Gauntlet | Found a transporter.
 10857 | Gauntlet | Found a transporter.
 10858 | Gauntlet | Found a transporter.
 10866 | Gauntlet | Found a transporter.
 10866 | Gauntlet | Noticed a death scarab
 10869 | Gauntlet | Found a transporter.
 10871 | Gauntlet | Found a transporter.
 10885 | Gauntlet | Noticed a soul eater
 10890 | Gauntlet | Found a transporter.
 10891 | Gauntlet | Found the macabre finger necklace {rN+}
 10893 | Gauntlet | Found a transporter.
 10894 | Gauntlet | Found a transporter.
 10900 | Gauntlet | Found a runed translucent gate.
 10900 | Gauntlet | Found a runed translucent gate.
 10900 | Gauntlet | Found a runed translucent gate.
 10902 | Gauntlet | Found a transporter.
 10905 | Gauntlet | Found a transporter.
 10906 | Gauntlet | Found a transporter.
 10910 | Gauntlet | Found a runed translucent door.
 10910 | Gauntlet | Found a runed translucent door.
 10910 | Gauntlet | Noticed a death yak
 10911 | Gauntlet | Noticed a death yak
 10912 | Gauntlet | Noticed a death yak
 10914 | Gauntlet | Found a transporter.
 11053 | Gauntlet | Killed a death scarab
 11054 | Gauntlet | Reached skill level 12 in Fighting
 11155 | Gauntlet | Killed a soul eater
 11212 | Gauntlet | Received a gift from Okawaru
 11247 | Gauntlet | Got a warped bone ring
 11248 | Gauntlet | Identified the ring of Vekhlos {rElec Stlth-} (You found it
                  | in a Gauntlet)
 11268 | Gauntlet | Killed a death yak
 11279 | Gauntlet | HP: 4/113 [death yak (21)]
 11284 | Gauntlet | Killed a death yak
 11308 | Gauntlet | Killed a death yak
 11309 | Gauntlet | Reached XP level 13. HP: 49/119 MP: 15/15
 11322 | Gauntlet | Got a heavily runed helmet
 11333 | Gauntlet | Identified the +0 helmet of Focus {rPois Will- Int+4 Dex+2}
                  | (You found it in a Gauntlet)
 11423 | Gauntlet | Noticed a minotaur
 11438 | Gauntlet | Killed a minotaur
 11780 | D:12     | Received a gift from Okawaru
 11938 | D:12     | Found a runed translucent door.
 12642 | D:12     | Reached skill level 1 in Evocations
 12668 | D:12     | Reached skill level 13 in Fighting
 13658 | D:13     | Noticed Azrael
 13849 | D:13     | HP: 6/122 [fire elemental[Azrael] (3)]
 13850 | D:13     | Killed from afar by Azrael

Illustrated notes

Levels and vault maps discovered:
D:1:      zaba_arrival_water, layout_basic
D:2:      layout_rooms, minmay_misc_feat_chi
D:3:      layout_loops_cross, minmay_strange_pillars,
          chequers_serial_rivers_small_a, minmay_misc_feat_ornament
D:4:      layout_basic, okawaru_altar_gauntlet_db,
          nicolae_overflow_hidden_temple, minmay_temple_entry_large_hall,
          due_unseen_surprise, uniq_sigmund, uniq_natasha, uniq_duvessa,
          uniq_crazy_yiuf_cottage
D:5:      layout_basic, elyvilon_altar_5, portal_sewer_entry_f,
          serial_corexii_hall, corexii_hall_statues_x, corexii_hall_statues_s,
          minmay_quadrilaterals
D:6:      layout_basic, basic_altar
D:7:      minmay_the_grid_triangle_9x9_rhombus_full
          [minmay_the_grid_triangle_9x9_limited_checkers,
          minmay_the_grid_triangle_9x9_sprig,
          minmay_the_grid_triangle_9x9_tough_junction,
          minmay_the_grid_triangle_9x9_sparse_checkered,
          minmay_the_grid_triangle_9x9_empty,
          minmay_the_grid_triangle_9x9_alien,
          minmay_the_grid_triangle_9x9_impossible_snake,
          minmay_the_grid_triangle_9x9_prize_top_heavy], layout_rooms,
          yredelemnul_altar_generic
D:8:      layout_basic, kennysheep_mini, basic_altar, hangedman_pestilent_swarm
D:9:      layout_loops_ring, orc_0_dummy
D:10:     layout_loops_ring, dpeg_lair_monsters, minivault_15, uniq_sonja,
          uniq_snorg
D:11:     layout_roguey, uniq_josephine
D:12:     layout_stronghold, gauntlet_entry_generic, lightli_airlock
D:13:     layout_irregular_city, uniq_azrael
Temple:   eino_wide_crystal_templ

Skill      XL: |  1  2  3  4  5  6  7  8  9 10 11 12 13 |
---------------+----------------------------------------+-----
Dodging        | 3 4 5 6 7 8 9 10 11 | 11.2
Long Blades    | 3 4 5 6 7 8 9 10 11 | 11.2
Fighting       | 4 5 6 7 9 10 11 12 13 | 13.1
Invocations    | 4 5 |  5.0
Armour         | 3 5 7 8 |  8.2
Evocations     | 2 |  2.1
Stealth        | |  2.1

Action                   |  1- 3 |  4- 6 |  7- 9 | 10-12 | 13-15 || total
-------------------------+-------+-------+-------+-------+-------++-------
Melee: Falchion          |   114 |    55 |   380 |   525 |       ||  1074
       Long sword        |       |       |       |   181 |   286 ||   467
       Punch             |       |       |       |     1 |       ||     1
       Scimitar          |       |       |       |       |    12 ||    12
Throw: Throwing net      |       |     2 |     1 |     1 |       ||     4
Invok: Heroism           |       |       |     1 |     1 |     3 ||     5
       Finesse           |       |       |       |     1 |       ||     1
 Abil: Evoke Flight      |       |       |       |     1 |       ||     1
Evoke: Wand              |       |       |       |     5 |       ||     5
  Use: Scroll            |     1 |     7 |     8 |    10 |     4 ||    30
       Potion            |     2 |       |     1 |    18 |     6 ||    27
 Stab: Sleeping          |     4 |     2 |    10 |     9 |     1 ||    26
       Distracted        |       |       |     2 |     1 |       ||     3
       Invisible         |       |       |       |    24 |     5 ||    29
       Paralysed         |       |       |       |     4 |       ||     4
       Petrified         |       |       |       |       |    10 ||    10
       Petrifying        |       |       |       |       |     4 ||     4
Armor: Ring mail         |    41 |    28 |    69 |       |       ||   138
       Troll leather arm |       |       |    54 |   131 |    20 ||   205
       Crystal plate arm |       |       |       |       |   235 ||   235
Dodge: Dodged            |    80 |    52 |   337 |   531 |   147 ||  1147
Block: Other             |       |       |       |   104 |       ||   104
       Reflection        |       |       |       |     2 |       ||     2
       Rpst.: Falchion   |    32 |    13 |   110 |    94 |       ||   249
       Long sword        |       |       |       |    37 |    28 ||    65
       Scimitar          |       |       |       |       |     4 ||     4

Table legend: (Time is in decaauts)
 A = Elapsed time spent in this place.
 B = Non-inter-level travel time spent in this place.
 C = Inter-level travel time spent in this place.
 D = Time resting spent in this place.
 E = Time spent auto-exploring this place.
 F = Levels seen in this place.
 G = Mean time per level.
                   A        B        C        D        E       F      G
               +--------+--------+--------+--------+--------+-----+--------+
         Total |  13753 |  12972 |    781 |   1516 |   7969 |  16 |  859.6 |
       Dungeon |  12684 |  11925 |    759 |   1247 |   7645 |  13 |  975.7 |
        Temple |     69 |     47 |     22 |      0 |     47 |   1 |   69.0 |
         Sewer |    295 |    295 |      0 |    147 |     93 |   1 |  295.0 |
      Gauntlet |    704 |    704 |      0 |    122 |    184 |   1 |  704.0 |
               +--------+--------+--------+--------+--------+-----+--------+

Top non-repeatable levels by time:
     D:4: 1712 daAuts
    D:12: 1664 daAuts
    D:10: 1246 daAuts
     D:7: 1197 daAuts
     D:5: 985 daAuts
    D:13: 856 daAuts
     D:9: 844 daAuts
     D:6: 784 daAuts
     D:2: 769 daAuts
     D:3: 755 daAuts
Gauntlet: 704 daAuts
     D:1: 646 daAuts
     D:8: 631 daAuts
    D:11: 589 daAuts
   Sewer: 295 daAuts
